 Dungeon Crawl Stone Soup version 0.29.1-15-g9cfb28693d (webtiles) character file.

Game seed: 8307712104104992698

83 Artool the Trooper (level 4, -5/37 HPs)
             Began as a Demonspawn Fighter on Apr 6, 2023.
             Was an Initiate of Hepliaklqana.
             Slain by a yak (6 damage)
             ... on level 3 of the Dungeon.
             The game lasted 00:02:34 (1667 turns).

Artool the Trooper (Demonspawn Fighter)             Turns: 1667, Time: 00:02:35

Health: -5/37      AC: 10    Str: 18    XL:     4   Next: 22%
Magic:  4/4        EV:  9    Int: 12    God:    Hepliaklqana [......]
Gold:   85         SH:  4    Dex: 12    Spells: 3/3 levels left

rFire   . . .      SeeInvis .   a - +0 flail
rCold   . . .      Faith    .   c - +0 buckler
rNeg    . . .      Spirit   .   b - +0 scale mail
rPois   .          Reflect  .   (no helmet)
rElec   .          Harm     .   (no cloak)
rCorr   .          Rampage  .   (no gloves)
Will    .....                   (no boots)
Stlth   ..........              (no amulet)
HPRegen 0.12/turn               n - +4 ring of protection
MPRegen 0.09/turn               (no ring)

@: no status effects
A: foul stench 1, big brain 1
a: Renounce Religion


You were on level 3 of the Dungeon.
You worshipped Hepliaklqana.
Hepliaklqana was noncommittal.
You visited 1 branch of the dungeon, and saw 4 of its levels.

You collected 85 gold pieces.

Inventory:

Hand Weapons
 a - a +0 flail (weapon)
Armour
 b - a +0 scale mail (worn)
 c - a +0 buckler (worn)
 j - a +3 leather armour
Jewellery
 n - a +4 ring of protection (left hand)
Scrolls
 g - a scroll of poison {unknown}
 i - a scroll of teleportation {unknown}
 k - 2 scrolls of fear {unknown}
 m - a scroll of magic mapping {unknown}
 o - 3 scrolls of identify {unknown}
 p - 3 scrolls of amnesia {unknown}
Potions
 d - a potion of might
 e - a potion of haste {unknown}
 f - 4 potions of curing {unknown}
 h - a potion of degeneration {unknown}
 l - a potion of berserk rage {unknown}


   Skills:
 + Level 3.8 Fighting
 + Level 2.7 Maces & Flails
 + Level 3.4 Armour
 - Level 2.6 Shields


You had 3 spell levels left.
You didn't know any spells.
Your spell library contained the following spells:

 Spells                   Type           Power      Damage    Failure   Level
 Sting                    Tmut/Pois      0%         1d3       80%         1
 Poisonous Vapours        Pois/Air       0%         N/A       90%         2
 Olgreb's Toxic Radiance  Pois           0%         N/A       100%        4


Dungeon Overview and Level Annotations

Branches:
Dungeon (4/15)
 Temple: D:4-7

Altars:
Hepliaklqana
Okawaru

Annotations:
D:3 2 transporters, ababab's ghost, amateur FeEn


Innate Abilities, Weirdness & Mutations

You may rarely emit foul miasma when damaged in melee.
You have an unusually large brain. (Int +2)


Message History

You hit the yak.
The yak is lightly wounded.
You hear a shout!
The yak gores you! The yak attacks as you move away! The yak gores you!
The yak attacks as you move away! The yak gores you but does no damage.
The yak attacks as you move away! The yak gores you but does no damage.
There is a stone staircase leading up here.
The yak barely misses you.
You climb upwards.
Level annotation: 2 transporters, ababab's ghost, amateur FeEn
There is a stone staircase leading down here.
The yak attacks as you move away! The yak gores you but does no damage.
The yak attacks as you move away! The yak gores you but does no damage.
The yak attacks as you move away! The yak gores you but does no damage.
There is a transporter here.
The yak attacks as you move away! The yak barely misses you.
The yak attacks as you move away! You block the yak's attack.
There is a transporter landing site here.
The yak attacks as you move away! The yak barely misses you.
The yak attacks as you move away! The yak gores you but does no damage.
You closely miss the yak. The yak gores you but does no damage.
You sock the yak!
The yak is moderately wounded.
The yak gores you but does no damage. The yak barely misses you.
You hit the yak but do no damage.
The yak is moderately wounded.
The yak gores you!
* * * LOW HITPOINT WARNING * * *
You hit the yak.
The yak is moderately wounded.
The yak gores you!
* * * LOW HITPOINT WARNING * * *
You sock the yak!
The yak is heavily wounded.
The yak gores you but does no damage.
You hit the yak.
The yak is heavily wounded.
The yak gores you.
You die...

#....)..#.#..#
####.....
#.......#.#..#.
##..##.
#......©#$.##..
#...##.
#####...#(....©
#......
##.©#..##..
##.#....
#..#.#..#.
#..#....
#..#W#..#
####...[
#.Y#O.##..
#....
#.@#O....©
#....
#..#######
##### #####


You could see a yak, 2 ogres and ababab's ghost.

Vanquished Creatures
  A jelly (D:3)
  An adder (D:2)
  A worm (D:4)
  2 dart slugs
  7 orcs
  4 ball pythons
  A bat (D:3)
  An endoplasm (D:2)
  3 giant cockroaches
  A goblin (D:4)
  2 hobgoblins
  A quokka (D:2)
  3 frilled lizards
  2 kobolds
  2 rats
32 creatures vanquished.

Notes
Turn   | Place    | Note
-------+----------+-------------------------------------------
     0 | D:1      | Artool the Demonspawn Fighter began the quest for the Orb.
     0 | D:1      | Reached XP level 1. HP: 18/18 MP: 1/1
   114 | D:1      | You fall into a shaft and drop 1 floor!
   562 | D:2      | Gained mutation: You may rarely emit foul miasma when
                  | damaged in melee. [demonic ancestry]
   562 | D:2      | Reached XP level 2. HP: 24/24 MP: 2/2
   633 | D:2      | Found a faded altar of an unknown god.
   871 | D:3      | Identified the +6 dire flail of Lit Gisud {speed, rPois rF-
                  | Dex+6 SInv}
   871 | D:3      | Noticed an ogre
   872 | D:3      | Found a transporter.
   872 | D:3      | Noticed ababab's ghost (amateur FeEn)
   875 | D:3      | Noticed an ogre
   884 | D:3      | Found a transporter.
   920 | D:3      | Gained mutation: You have an unusually large brain. (Int
                  | +2) [demonic ancestry]
   920 | D:3      | Reached XP level 3. HP: 22/29 MP: 3/3
  1146 | D:3      | Found an iron altar of Okawaru.
  1152 | D:3      | Found a hazy altar of Hepliaklqana.
  1201 | D:3      | Became a worshipper of Hepliaklqana the Forgotten
  1458 | D:4      | Reached XP level 4. HP: 34/37 MP: 4/4
  1621 | D:4      | Noticed a yak
  1623 | D:4      | Noticed a yak
  1624 | D:4      | Noticed a yak
  1665 | D:3      | HP: 1/37 [yak (10)]
  1667 | D:3      | Slain by a yak

Illustrated notes

Levels and vault maps discovered:
D:1:      sevenhm_arrival_forest_fort_large_2, layout_loops_corners,
          chequers_serial_rivers_small_a, due_unseen_surprise
D:2:      layout_basic, basic_altar, basic_ecumenical_altar
D:3:      layout_rooms, mainiacjoe_overflow_catwalk_spiral,
          gammafunk_ghost_smash
D:4:      layout_loops_cross, minmay_temple_entry_butterflies

Skill      XL: |  1  2 |
---------------+-------+-----
Maces & Flails | 2 |  2.7
Armour         | 3 |  3.4
Fighting       | |  3.8
Shields        | |  2.6

Action                   |  1- 3 |  4- 6 || total
-------------------------+-------+-------++-------
Melee: Flail             |    82 |    39 ||   121
Armor: Scale mail        |    35 |    23 ||    58
Dodge: Dodged            |    43 |    18 ||    61
Block: Buckler           |    17 |     5 ||    22
